 Dungeon Sprint DCSS version 0.27.1-33-g824d729ab1 (webtiles) character file.

Game seed: 2148582262371195111

8713 Hipnos the Eclecticist (level 11, -4/55 HPs)
             Began as a Deep Elf Ice Elementalist on Nov 27, 2021.
             Was the Champion of Vehumet.
             Engulfed by a cloud of freezing vapour (22 damage)
             ... in the Dungeon (Sprint I: "Red Sonja").
             The game lasted 00:14:55 (2690 turns).

Hipnos the Eclecticist (Deep Elf Ice Elementalist)  Turns: 2690, Time: 00:14:55

Health: -4/55      AC:  2    Str:  5    XL:     11   Next: 13%
Magic:  20/36      EV:  8    Int: 24    God:    Vehumet [******]
Gold:   792        SH:  0    Dex: 15    Spells: 9/49 levels left

rFire    . . .     SeeInvis .   j - +0 scythe
rCold    . . .     Faith    .   (shield currently unavailable)
rNeg     . . .     Spirit   .   a - +0 robe
rPois    .         Reflect  .   (no helmet)
rElec    .         Harm     .   (no cloak)
rCorr    .         Rampage  .   (no gloves)
Will     +....     NoTele   +   (no boots)
Stlth    ++........             (no amulet)
HPRegen  0.18/turn              (no ring)
MPRegen  0.25/turn              (no ring)

@: held
A: no striking features
a: Renounce Religion


You were in the Dungeon.
You worshipped Vehumet.
Vehumet was exalted by your worship.
You visited 1 branch You collected 1248 gold pieces.
You spent 456 gold pieces at shops.

Inventory:

Hand Weapons
 j - a +0 scythe (weapon)
Armour
 a - a +0 robe (worn)
Wands
 h - a wand of polymorph (22)
Scrolls
 k - 2 scrolls of identify {unknown}
 l - 4 scrolls of enchant armour {unknown}
Potions
 b - 4 potions of curing
 c - a potion of heal wounds
 d - a potion of haste
 e - 2 potions of magic
 f - a potion of berserk rage
 i - a potion of ambrosia {unknown}
 m - 2 potions of attraction {unknown}
Miscellaneous
 n - a lightning rod (4/4)


   Skills:
 + Level 0.5 Fighting
 + Level 1.1 Polearms
 + Level 6.8 Dodging
 - Level 2.4 Stealth
 + Level 19.7 Spellcasting
 + Level 8.1 Conjurations
 + Level 3.7 Hexes
 * Level 9.6 Summonings
 + Level 18.4 Ice Magic
 + Level 0.2 Air Magic


You had 9 spell levels left.
You knew the following spells:

 Your Spells              Type           Power      Damage    Failure   Level
a - Freeze                Ice            100%       1d11      0%          1
b - Frozen Ramparts       Ice            100%       1d12      0%          3
c - Ozocubu's Armour      Ice            84%        N/A       0%          3
d - Hailstorm             Conj/Ice       72%        3d15      1%          4
e - Foxfire               Conj/Fire      100%       2x1d9     1%          1
f - Shock                 Conj/Air       100%       1d9       1%          1
g - Summon Ice Beast      Ice/Summ       74%        N/A       1%          4
h - Summon Mana Viper     Hex/Summ       53%        N/A       3%          5
i - Monstrous Menagerie   Summ           31%        N/A       32%         7
j - Searing Ray           Conj           100%       3d7       1%          2
k - Airstrike             Air            12%        N/A       4%          4
l - Freezing Cloud        Conj/Ice/Air   30%        6-21      1%          5

Your spell library contained the following spells:

 Spells                   Type           Power      Damage    Failure   Level
 Iskenderun's Mystic Bla  Conj/Tloc      43%        2d10      1%          4


Dungeon Overview and Level Annotations

Branches:
Dungeon (1/1)

Altars:
Cheibriados
Dithmenos
Elyvilon
Fedhas
Gozag
Hepliaklqana
Kikubaaqudgha
Makhleb
Nemelex Xobeh
Okawaru
Qazlal
Ru
Sif Muna
Trog
Uskayaw
Vehumet
Wu Jian
Xom
Yredelemnul
Zin
The Shining One
Jiyva
Lugonu

Shops:
D :=[


Message History

Really walk into that net trap?
You become entangled in the net!
A deep elf annihilator and a merfolk siren come into view.
The deep elf annihilator shouts!
The 12-headed hydra is no longer moving slowly.
The deep elf annihilator moves out of view.
There is a net trap here.
You see here a throwing net.
Unknown command.
Casting: Freezing Cloud (dangerous; 1% risk of failure)
Confirm with . or Enter, or press ? or * to list all spells.
You don't know that spell.
Casting: Freezing Cloud (dangerous; 1% risk of failure)
Confirm with . or Enter, or press ? or * to list all spells.
Aiming: Freezing Cloud (dangerous; 1% risk of failure)
Press: ? - help, Dir - move target, f - merfolk siren
Aim: a merfolk siren, wielding a +0 spear (water, wandering, hasn't noticed you)
The 12-headed hydra roars!
The merfolk siren shouts!
You hear a chilling moan.
The merfolk siren is engulfed in freezing vapours.
The 12-headed hydra is engulfed in freezing vapours.
The 12-headed hydra seems to slow down.
The merfolk siren is engulfed in freezing vapours.
A hellwing comes into view.
Casting: Freezing Cloud (dangerous; 1% risk of failure)
Confirm with . or Enter, or press ? or * to list all spells.
Aiming: Freezing Cloud (dangerous; 1% risk of failure)
Press: ? - help, Dir - move target, f/p - merfolk siren
Aim: a merfolk siren, wielding a +0 spear (severely wounded) That beam is likely to hit you.
Continue anyway?
You are engulfed in freezing vapours.
Ouch! That really hurt!
A merfolk siren comes into view. It is wielding a +0 trident.
The merfolk siren is engulfed in freezing vapours.
You kill the merfolk siren!
Vehumet accepts your kill.
You feel your power returning.
You tear a large gash into the net.
You are engulfed in freezing vapours.
The hellwing is engulfed in freezing vapours.
You struggle against the net.
You are engulfed in freezing vapours.
You die...

###################
#§§§§§§§.§§§§§§#^^+
#§####§.§..##§.'@^#
#§# ##§§.#######§#
'.# ###'#...## §#
### #.##...# §#
#.§###.# 4§
##§#)#.# §§
#..###.# §§§
#.##...# .≈#
#.§#'###


You could see a hellwing.

Vanquished Creatures
  A daeva (D)
  A nameless horror (D)
  Sonja (D)
  A deep troll (D)
  A merfolk siren (D)
  A gargoyle (D)
  5 unseen horrors (D)
  3 demonic crawlers (D)
  2 kobold demonologists (D)
  A slime creature (D)
  Sigmund (D)
  13 hogs (D)
  A yak (D)
  2 floating eyes (D)
  An ogre (D)
  A jelly (D)
  Ijyb (D)
37 creatures vanquished.

Vanquished Creatures (collateral kills)
  A lindwurm (D)
  A demonic crawler (D)
2 creatures vanquished.

Vanquished Creatures (others)
  2 hornets (D)
  2 ballistomycete spores (D)
  A foxfire (D)
5 creatures vanquished.

Grand Total: 44 creatures vanquished

Notes
Turn   | Place    | Note
-------+----------+-------------------------------------------
     0 | D        | Hipnos the Deep Elf Ice Elementalist began the quest for
                  | the Orb.
     0 | D        | Reached XP level 1. HP: 10/10 MP: 6/6
     1 | D        | Noticed Ijyb
     9 | D        | Killed Ijyb
    10 | D        | Reached skill level 4 in Spellcasting
    10 | D        | Reached XP level 2. HP: 6/15 MP: 0/9
   183 | D        | Noticed an ogre
   188 | D        | Killed an ogre
   189 | D        | Reached skill level 5 in Spellcasting
   189 | D        | Reached XP level 3. HP: 16/19 MP: 6/12
   189 | D        | Reached XP level 4. HP: 21/24 MP: 6/13
   245 | D        | Learned a level 3 spell: Frozen Ramparts
   249 | D        | Learned a level 3 spell: Ozocubu's Armour
   254 | D        | Learned a level 4 spell: Hailstorm
   255 | D        | Noticed Sigmund
   265 | D        | Killed Sigmund
   266 | D        | Reached skill level 8 in Spellcasting
   266 | D        | Reached XP level 5. HP: 25/28 MP: 0/18
   386 | D        | Found an ornate altar of the Wu Jian Council.
   386 | D        | Found a shimmering blue altar of Sif Muna.
   388 | D        | Found a radiant altar of Vehumet.
   393 | D        | Became a worshipper of Vehumet
   399 | D        | Reached skill level 9 in Spellcasting
   399 | D        | Reached XP level 6. HP: 23/32 MP: 10/20
   491 | D        | Found Naoh Xon's Jewellery Emporium.
   491 | D        | Found an ancient bone altar of Kikubaaqudgha.
   491 | D        | Found a hazy altar of Hepliaklqana.
   491 | D        | Found a stormy altar of Qazlal.
   491 | D        | Found a hide-covered altar of Uskayaw.
   491 | D        | Found a blossoming altar of Fedhas.
   491 | D        | Found a bloodstained altar of Trog.
   491 | D        | Found an iron altar of Okawaru.
   491 | D        | Found a basalt altar of Yredelemnul.
   491 | D        | Found a glowing golden altar of the Shining One.
   491 | D        | Found a snail-covered altar of Cheibriados.
   491 | D        | Found a sacrificial altar of Ru.
   491 | D        | Found a glowing silver altar of Zin.
   491 | D        | Found a shadowy altar of Dithmenos.
   491 | D        | Found a white marble altar of Elyvilon.
   491 | D        | Noticed a yak
   495 | D        | Killed a yak
   496 | D        | Reached skill level 5 in Dodging
   496 | D        | Reached skill level 10 in Spellcasting
   497 | D        | Found an opulent altar of Gozag.
   534 | D        | Found a sparkling altar of Nemelex Xobeh.
   585 | D        | Found a burning altar of Makhleb.
   585 | D        | Found a viscous altar of Jiyva.
   585 | D        | Found a shimmering altar of Xom.
   585 | D        | Found a corrupted altar of Lugonu.
   585 | D        | Noticed a slime creature
   589 | D        | Killed a slime creature
   589 | D        | Reached * piety under Vehumet
   589 | D        | Offered knowledge of Foxfire by Vehumet.
   590 | D        | Reached skill level 11 in Spellcasting
   590 | D        | Reached skill level 1 in Conjurations
   590 | D        | Reached XP level 7. HP: 36/36 MP: 4/24
   592 | D        | Learned a level 1 spell: Foxfire
   710 | D        | Noticed a kobold demonologist
   710 | D        | Noticed a kobold demonologist
   713 | D        | Reached skill level 12 in Spellcasting
   713 | D        | Noticed a chaos spawn
   713 | D        | Killed a kobold demonologist
   714 | D        | Reached skill level 13 in Spellcasting
   714 | D        | Killed a kobold demonologist
   714 | D        | Reached ** piety under Vehumet
   714 | D        | Offered knowledge of Shock by Vehumet.
   715 | D        | Reached XP level 8. HP: 41/41 MP: 8/27
   841 | D        | Noticed Sonja
   844 | D        | Killed Sonja
   845 | D        | Reached skill level 15 in Spellcasting
   845 | D        | Reached skill level 15 in Ice Magic
   971 | D        | Found Ythuchoc's Book Boutique.
   979 | D        | Bought a book of Beasts for 456 gold pieces
   981 | D        | Learned a level 1 spell: Shock
   986 | D        | Learned a level 4 spell: Summon Ice Beast
   992 | D        | Learned a level 5 spell: Summon Mana Viper
  1000 | D        | Learned a level 7 spell: Monstrous Menagerie
  1014 | D        | Noticed a deep troll
  1018 | D        | Killed a deep troll
  1019 | D        | Reached skill level 5 in Conjurations
  1019 | D        | Reached XP level 9. HP: 45/45 MP: 13/30
  1029 | D        | Found Ulleth's Armour Emporium.
  1145 | D        | Noticed a demonic crawler
  1145 | D        | Noticed a demonic crawler
  1145 | D        | Noticed a demonic crawler
  1145 | D        | Noticed a demonic crawler
  1148 | D        | Killed a demonic crawler
  1148 | D        | Offered knowledge of Searing Ray by Vehumet.
  1149 | D        | Reached skill level 16 in Spellcasting
  1149 | D        | Killed a demonic crawler
  1149 | D        | Reached *** piety under Vehumet
  1150 | D        | Reached skill level 1 in Hexes
  1150 | D        | Killed a demonic crawler
  1150 | D        | Killed a demonic crawler
  1151 | D        | Reached skill level 5 in Summonings
  1216 | D        | Learned a level 2 spell: Searing Ray
  1295 | D        | Noticed a lindwurm
  1300 | D        | Killed a lindwurm
  1300 | D        | Offered knowledge of Airstrike by Vehumet.
  1301 | D        | Reached skill level 17 in Spellcasting
  1389 | D        | Reached **** piety under Vehumet
  1391 | D        | Reached XP level 10. HP: 35/50 MP: 15/33
  1395 | D        | Reached ***** piety under Vehumet
  1398 | D        | Reached skill level 18 in Spellcasting
  1541 | D        | Learned a level 4 spell: Airstrike
  1650 | D        | Noticed a daeva
  1874 | D        | Killed a daeva
  1874 | D        | Offered knowledge of Freezing Cloud by Vehumet.
  1884 | D        | Learned a level 5 spell: Freezing Cloud
  2038 | D        | Offered knowledge of Iskenderun's Mystic Blast by Vehumet.
  2038 | D        | Reached ****** piety under Vehumet
  2039 | D        | Reached skill level 19 in Spellcasting
  2049 | D        | Reached skill level 1 in Polearms
  2059 | D        | Reached XP level 11. HP: 26/55 MP: 13/36
  2468 | D        | Noticed a fire giant
  2472 | D        | Noticed a nameless horror
  2490 | D        | Noticed a 12-headed hydra
  2619 | D        | Killed a nameless horror
  2686 | D        | Noticed a deep elf annihilator
  2690 | D        | Engulfed by a cloud of freezing vapour

Illustrated notes

Levels and vault maps discovered:
D:        dungeon_sprint_1 [red_sonja_temple_1, red_sonja_temple_small_1]

Skill      XL: |  1  2  3  4  5  6  7  8  9 10 11 |
---------------+----------------------------------+-----
Dodging        | 3 4 5 6 |  6.8
Spellcasting   | 4 5 8 9 11 13 15 17 19 | 19.7
Ice Magic      | 7 9 11 12 13 14 15 16 18 | 18.4
Conjurations   | 1 3 5 6 7 8 |  8.1
Summonings     | 3 6 9 |  9.6
Hexes          | 2 3 |  3.7
Polearms       | 1 |  1.1
Fighting       | |  0.5
Stealth        | |  2.4
Air Magic      | |  0.2

Action                   |  1- 3 |  4- 6 |  7- 9 | 10-12 || total
-------------------------+-------+-------+-------+-------++-------
Melee: Scythe            |       |       |     1 |     4 ||     5
 Cast: Freeze            |    10 |     7 |     2 |     1 ||    20
       Frozen Ramparts   |       |     5 |     5 |     7 ||    17
       Ozocubu's Armour  |       |     4 |     7 |     9 ||    20
       Hailstorm         |       |     4 |    13 |    21 ||    38
       Summon Ice Beast  |       |       |     4 |    10 ||    14
       Foxfire           |       |       |     1 |       ||     1
       Summon Mana Viper |       |       |     3 |       ||     3
       Freezing Cloud    |       |       |       |     7 ||     7
  Use: Scroll            |       |       |       |     1 ||     1
Armor: Robe              |       |     3 |     1 |     8 ||    12
Dodge: Dodged            |     4 |     5 |     4 |     5 ||    18
